 Dungeon Crawl Stone Soup version 0.27.1 (webtiles) character file.

Game seed: 9852068405221554148

8464 mainiacjoe the Nimble (level 11, -5/75 HPs)
             Began as a Djinni Fire Elementalist on Sept 4, 2021.
             Was a Believer of Makhleb.
             Engulfed by a cloud of flame (7 damage)
             ... on level 10 of the Dungeon.
             The game lasted 00:39:19 (14049 turns).

mainiacjoe the Nimble (Djinni Fire Elementalist)   Turns: 14049, Time: 00:39:19

Health: -5/75      AC:  7    Str:  7    XL:     11   Next: 56%
Gold:   392        EV: 33    Int: 21    God:    Makhleb [**....] SH:  0 Dex: 13

rFire    + + .     SeeInvis .   b - +0 shortbow
rCold    x . .     Faith    .   (shield currently unavailable)
rNeg     . . .     Spirit   .   P - +0 steam dragon scales
rPois    ∞         Reflect  .   (no helmet)
rElec    .         Harm     .   N - +0 cloak
rCorr    +         Rampage  .   o - +0 pair of gloves
Will     ++...                  (boots unavailable)
Stlth    +++.......             g - amulet of the acrobat
HPRegen  0.22/turn              k - ring of willpower
MPRegen  0.00/turn              I - ring of resist corrosion

@: acrobatic, flying
A: sickness immunity, fire resistance 2, cold vulnerability 1, float, innate
caster, hp casting, extra vitality 1
a: Renounce Religion, Minor Destruction


You were on level 10 of the Dungeon.
You worshipped Makhleb.
Makhleb was pleased with you.
You visited 2 branches of the dungeon, and saw 11 of its levels.

You collected 481 gold pieces.
You spent 89 gold pieces at shops.

Inventory:

Hand Weapons
 a - a +2 whip of electrocution
 b - a +0 shortbow (weapon)
 j - a +0 spear
 l - a +3 scythe of venom {Sigmund}
 K - a +0 hand crossbow
Missiles
 c - 38 poisoned darts
 e - 272 stones
 n - 87 sling bullets
 q - 6 throwing nets {=F}
 y - 73 arrows (quivered ammo)
 C - 10 boomerangs
 E - 37 bolts
Armour
 f - a +0 robe
 o - a +0 pair of gloves (worn)
 N - a +0 cloak (worn)
 P - +0 steam dragon scales (worn)
Magical Staves
 w - a staff of conjuration
 B - a staff of cold
Jewellery
 g - an amulet of the acrobat (around neck)
 k - a ring of willpower (left hand)
 I - a ring of resist corrosion (right hand)
 L - a ring of see invisible
Wands
 m - a wand of iceblast (21)
 s - a wand of flame (21)
 O - a wand of acid (12)
Scrolls
 d - 2 scrolls of magic mapping
 h - a scroll of fear
 p - a scroll of brand weapon {unknown}
 r - 2 scrolls of teleportation
 u - a scroll of enchant armour {unknown}
 x - a scroll of acquirement {unknown}
 G - a scroll of blinking
 J - a scroll of summoning {unknown}
Potions
 i - 3 potions of lignification
 t - a potion of brilliance
 v - 2 potions of attraction
 z - 3 potions of curing
 A - 2 potions of heal wounds
 D - a potion of might
 F - a potion of ambrosia
 H - 3 potions of haste
 M - 3 potions of mutation
 Q - a potion of cancellation {unknown}


   Skills:
 - Level 5.0 Fighting
 + Level 13.6 Dodging
 - Level 5.0 Stealth
 - Level 5.0 Spellcasting
 - Level 7.0 Invocations


You couldn't memorise any spells.
You knew the following spells:

 Your Spells              Type           Power      Damage    Failure   Level
a - Shock                 Conj/Air       100%       1d9       1%          1
b - Searing Ray           Conj           52%        3d5       1%          2
c - Inner Flame           Hex/Fire       26%        N/A       4%          3
d - Sticky Flame          Conj/Fire      26%        2d5       14%         4
e - Fireball              Conj/Fire      13%        3d7       36%         5
f - Foxfire               Conj/Fire      100%       2x1d9     1%          1
g - Ignite Poison         Fire/Tmut/Pois 26%        N/A       4%          3
h - Call Canine Familiar  Summ           26%        N/A       4%          3
i - Summon Mana Viper     Hex/Summ       26%        N/A       36%         5
z - Conjure Flame         Conj/Fire      26%        6-21      4%          3
Your spell library was empty.

Dungeon Overview and Level Annotations

Branches:
Dungeon (10/15)            Temple (1/1) D:6            Lair (0/6) D:10
    Orc (0/2) D:9

Altars:
Ashenzari
Cheibriados
Dithmenos
Elyvilon
Gozag
Makhleb
Nemelex Xobeh
Okawaru
Qazlal
Ru
Sif Muna
Trog
Uskayaw
Vehumet
Wu Jian
Xom
Yredelemnul
Zin
The Shining One
Beogh

Shops:
D:4 :   D:6 *


Innate Abilities, Weirdness & Mutations

You are immune to sickness and miasma.
You are immune to poison.
Your flesh is very heat resistant. (rF++)
You are vulnerable to cold. (rC-)
You float through the air rather than walking.
You learn spells naturally, not from books.
Your magical power is your life essence.
You have superior vitality. (+4 HP)


Message History

The gargoyle is lightly damaged. (Press . to maintain the ray.)
The gargoyle hurls a stone arrow at you.
The stone arrow hits you!!
The searing ray hits the gargoyle but does no damage.
The gargoyle is lightly damaged.
The gargoyle is engulfed in blazing flames.
Flame seeps out of the gargoyle.
The gargoyle misses you.
The searing ray hits the gargoyle but does no damage.
The gargoyle is lightly damaged.
The gargoyle is engulfed in blazing flames.
Flame seeps out of the gargoyle.
The gargoyle completely misses you.
The searing ray hits the gargoyle but does no damage.
The gargoyle is severely damaged.
You finish channeling your searing ray.
The gargoyle hits you with a +0 mace!
Unknown command.
Unknown command.
Casting: Searing Ray (safe; 1% risk of failure)
Confirm with . or Enter, or press ? or * to list all spells.
Aiming: Searing Ray (safe; 1% risk of failure)
Press: ? - help, Shift-Dir - straight line, f/p - gargoyle
Aim: a gargoyle, wielding a +0 mace (severely damaged, inner flame, 90% to hit)
The searing ray hits the gargoyle but does no damage.
The gargoyle is severely damaged. (Press . to maintain the ray.)
The gargoyle hits you with a +0 mace!!
* * * LOW HITPOINT WARNING * * *
The searing ray hits the gargoyle but does no damage.
The gargoyle is severely damaged.
* * * LOW HITPOINT WARNING * * *
The gargoyle misses you.
The searing ray hits the gargoyle!
Makhleb accepts your kill.
You feel better.
* * * LOW HITPOINT WARNING * * *
The gargoyle explodes!
The fiery explosion engulfs you! You resist.
* * * LOW HITPOINT WARNING * * *
You are engulfed in blazing flames.
You resist.
You die...

#.....................#..# #
#..####..#......########.## #
#.....#..#......# ####..###
#.....+..#......#####........
#.....#..##+#(...............
#...........#(..#####.##.....
##.#.##..##.#§§..............
.###.#.##.<##.#§§#.............
.......[..)[<.@.§#.........#.##
.###.#.##..##.#..#.........#.##
..+.............[.#.........#.##
..#.....##..##.##.#.........#..#
#.#.....##..##.##....###+##.##.#
#.#.....##..##.##....###.##.##..
##.#.....##......................
................##........##.###.
.#.#.....###.##.##........##.####


There were no monsters in sight!

Vanquished Creatures
  Harold (D:8)
  A two-headed ogre (D:9)
  Pikel (D:6)
  A gargoyle (D:10)
  A hornet (D:8)
  Grinder (D:6)
  Prince Ribbit (D:6)
  Sigmund (D:2)
  A wraith (D:8)
  7 yaks (D:9)
  A wyvern (D:9)
  A steam dragon (D:9)
  11 orc warriors
  A sky beast (D:6)
  3 black bears
  2 necrophages
  3 centaurs
  3 ogres
  A phantom (D:4)
  3 bullfrogs
  2 kobold brigands
  3 scorpions
  A wyvern zombie (D:8)
  3 killer bees (D:8)
  2 vampire bats (D:8)
  4 howler monkeys
  An electric eel (D:10)
  A bullfrog zombie (D:7)
  2 hounds
  2 jellies
  5 orc priests (D:9)
  4 centaur zombies
  2 centaur skeletons (D:7)
  2 gnoll shamans
  7 iguanas
  Ijyb (D:5)
  5 orc wizards
  2 hound skeletons
  12 gnolls
  7 adders
  A white imp (D:3)
  An ufetubus (D:5)
  A worm (D:3)
  56 orcs
  14 bats
  7 endoplasms
  2 giant cockroaches
  5 goblins
  9 hobgoblins
  A jackal (D:1)
  19 kobolds
  2 quokkas
  6 ball pythons
  6 frilled lizards
  6 rats
249 creatures vanquished.

Vanquished Creatures (others)
  154 foxfires
  11 plants
165 creatures vanquished.

Grand Total: 414 creatures vanquished

Notes
Turn   | Place    | Note
-------+----------+-------------------------------------------
     0 | D:1      | mainiacjoe the Djinni Fire Elementalist began the quest for
                  | the Orb.
     0 | D:1      | Reached XP level 1. HP: 15/15 MP: 0/0
   545 | D:1      | Reached XP level 2. HP: 19/21 MP: 0/0
  1244 | D:2      | Reached XP level 3. HP: 24/25 MP: 0/0
  1244 | D:2      | Learned a level 1 spell: Shock
  1419 | D:2      | Noticed Sigmund
  1425 | D:2      | Killed Sigmund
  1426 | D:2      | Reached XP level 4. HP: 20/31 MP: 0/0
  1426 | D:2      | Reached XP level 5. HP: 23/35 MP: 0/0
  1426 | D:2      | Learned a level 2 spell: Searing Ray
  1426 | D:2      | Reached XP level 6. HP: 26/40 MP: 0/0
  1609 | D:2      | Found a faded altar of an unknown god.
  2218 | D:3      | Reached skill level 5 in Spellcasting
  2413 | D:3      | Found an opulent altar of Gozag.
  3079 | D:4      | Reached skill level 3 in Dodging
  3289 | D:4      | Reached XP level 7. HP: 35/45 MP: 0/0
  3289 | D:4      | Learned a level 3 spell: Ignite Poison
  3386 | D:4      | Found Sijurufi's Self-Improvement Boutique.
  3448 | D:4      | Reached skill level 4 in Dodging
  4223 | D:5      | Entered Level 5 of the Dungeon
  4238 | D:5      | Reached skill level 5 in Dodging
  4238 | D:5      | Reached XP level 8. HP: 39/50 MP: 0/0
  4619 | D:5      | Found a bloodstained altar of Trog.
  4632 | D:5      | Reached skill level 5 in Stealth
  4632 | D:5      | Reached skill level 1 in Fighting
  5306 | D:5      | Noticed Ijyb
  5313 | D:5      | Killed Ijyb
  5830 | D:5      | Reached skill level 6 in Dodging
  6276 | D:6      | Reached XP level 9. HP: 36/62 MP: 0/0
  6276 | D:6      | Learned a level 3 spell: Call Canine Familiar
  6487 | D:6      | Found Mithaz's Assorted Antiques.
  6493 | D:6      | Bought a dark potion for 20 gold pieces
  6493 | D:6      | Bought a scroll labelled ZORCHA ADETH for 23 gold pieces
  6493 | D:6      | Bought a scroll labelled OSAILL DAFRIMY for 23 gold pieces
  6493 | D:6      | Bought a scroll labelled JOZXUT UBLATAU for 23 gold pieces
  6541 | D:6      | Noticed Pikel
  6562 | D:6      | Killed Pikel
  6563 | D:6      | Reached skill level 5 in Fighting
  6563 | D:6      | Reached skill level 8 in Dodging
  6733 | D:6      | Found a staircase to the Ecumenical Temple.
  6738 | Temple   | Entered the Ecumenical Temple
  6867 | Temple   | Became a worshipper of Makhleb the Destroyer
  7550 | D:6      | Noticed Prince Ribbit
  7555 | D:6      | Killed Prince Ribbit
  7556 | D:6      | Reached skill level 9 in Dodging
  7610 | D:6      | Noticed Grinder
  7614 | D:6      | Killed Grinder
  8236 | D:7      | Reached skill level 10 in Dodging
  8236 | D:7      | Reached skill level 1 in Invocations
  8236 | D:7      | Reached XP level 10. HP: 41/70 MP: 0/0
  9723 | D:8      | Found a large runed translucent door.
  9724 | D:8      | Found a large runed translucent door.
  9983 | D:8      | Reached * piety under Makhleb
  9992 | D:8      | Noticed Harold
 10010 | D:8      | Killed Harold
 10011 | D:8      | Reached skill level 11 in Dodging
 10011 | D:8      | Reached skill level 5 in Invocations
 10382 | D:8      | Identified the +1 robe of Shadows and Fog {rPois}
 10994 | D:8      | Found a glowing golden altar of the Shining One.
 11008 | D:8      | Found a snail-covered altar of Cheibriados.
 11268 | D:9      | Noticed a two-headed ogre
 11297 | D:9      | Killed a two-headed ogre
 11298 | D:9      | Reached XP level 11. HP: 60/75 MP: 0/0
 11298 | D:9      | Learned a level 5 spell: Summon Mana Viper
 11402 | D:9      | Reached skill level 12 in Dodging
 11990 | D:9      | Found a shimmering altar of Xom.
 12134 | D:9      | Reached ** piety under Makhleb
 12327 | D:9      | Found a staircase to the Orcish Mines.
 12469 | D:9      | Reached skill level 13 in Dodging
 13356 | D:10     | Entered Level 10 of the Dungeon
 13571 | D:10     | Found a staircase to the Lair.
 13667 | D:10     | Found a sparkling altar of Nemelex Xobeh.
 14049 | D:10     | HP: 2/75 [spore (12)]
 14049 | D:10     | Engulfed by a cloud of flame

Illustrated notes

Levels and vault maps discovered:
D:1:      erik_arrival_triangle_small, layout_loops_corners, st_stairs_11
D:2:      layout_loops_ring, shapermc_ecumenical_altar_mp_ritualfount,
          uniq_sigmund
D:3:      layout_basic, mainiacjoe_overflow_small_starburst,
          kennysheep_generic_room_12
D:4:      layout_cave_pools, nicolae_shop_self_help
D:5:      layout_gridville, trog_ov_bears_minmay, corexii_leaking_fountain,
          uniq_ijyb
D:6:      layout_loops_ring, minmay_temple_entry_glassed_door, serial_shops,
          nicolae_shop_stone, uniq_prince_ribbit1, uniq_grinder, uniq_pikel
D:7:      layout_basic
D:8:      layout_basic, mainiacjoe_overflow_boulevard, jmf_multi_god_temple2,
          nrook_pool_corridor, hangedman_abyss_or_decor_lesser_grid,
          roderic_batcave, uniq_harold
D:9:      layout_long_grid, tgw_xom, david_orc_5, serial_glass, glass_columns_a,
          glass_columns_c
D:10:     layout_basic, nicolae_overflow_quartered_altars, dpeg_oklobed_lair,
          nicolae_zen_rock_garden, hangedman_abyss_or_decor_clamps,
          nicolae_lava_and_water, serial_park_tiny_2, uniq_nergalle, uniq_fannar
Temple:   minmay_temple_bridge_abc

Skill      XL: |  1  2  3  4  5  6  7  8  9 10 11 |
---------------+----------------------------------+-----
Spellcasting   | 3 4 5 |  5.0
Stealth        | 2 4 5 |  5.0
Dodging        | 3 5 6 10 11 13 | 13.6
Fighting       | 3 5 |  5.0
Invocations    | 1 6 7 |  7.0

Action                   |  1- 3 |  4- 6 |  7- 9 | 10-12 || total
-------------------------+-------+-------+-------+-------++-------
Melee: Unarmed           |     1 |       |       |       ||     1
       Spear             |    12 |       |       |       ||    12
       Scythe            |       |    15 |    31 |       ||    46
       Whip              |       |       |       |   128 ||   128
 Fire: Shortbow          |       |       |    25 |   100 ||   125
Throw: Stone             |    10 |     5 |     9 |    45 ||    69
 Cast: Foxfire           |    34 |    26 |    21 |    14 ||    95
       Shock             |     9 |    11 |    28 |    30 ||    78
       Inner Flame       |     2 |     7 |    40 |    43 ||    92
       Searing Ray       |       |     6 |    26 |    38 ||    70
       Conjure Flame     |       |     4 |     2 |     7 ||    13
       Call Canine Famil |       |       |     1 |     4 ||     5
       Sticky Flame      |       |       |     1 |     7 ||     8
       Fireball          |       |       |       |     1 ||     1
  Use: Scroll            |       |     1 |    14 |     1 ||    16
 Stab: Sleeping          |     1 |       |       |     2 ||     3
Armor: Robe              |     1 |     1 |     9 |    31 ||    42
       Steam dragon scal |       |       |       |    12 ||    12
Dodge: Dodged            |    13 |    13 |    94 |   288 ||   408
